 Dungeon Crawl Stone Soup version 0.29-a0-234-g0dae59b3db (webtiles) character file.

Game seed: 15930447776694487849

336 HotDog the Covered (level 6, -2/57 HPs)
             Began as a Gargoyle Fighter on Mar 3, 2022.
             Slain by an ogre
             ... wielding a +0 giant club
              (14 damage)
             ... on level 5 of the Dungeon.
             The game lasted 00:03:39 (4394 turns).

HotDog the Covered (Gargoyle Fighter)               Turns: 4394, Time: 00:03:39

Health: -2/57      AC: 11    Str: 22    XL:     6   Next: 54%
Magic:  7/7        EV:  9    Int: 14    God:
Gold:   270        SH:  4    Dex:  9    Spells: 5/5 levels left

rFire   . . .      SeeInvis +   a - +0 flail
rCold   . . .      Faith    .   c - +0 buckler
rNeg    + . .      Spirit   .   b - +0 scale mail
rPois   ∞          Reflect  .   (no helmet)
rElec   +          Harm     .   (no cloak)
rCorr   .          Rampage  .   (no gloves)
Will    .....                   (no boots)
Stlth   ..........              (no amulet)
HPRegen 0.19/turn               f - ring of see invisible
MPRegen 0.10/turn               r - +6 ring of intelligence

@: mighty, berserking (expiring), very quick
A: sickness immunity, AC +4, negative energy resistance 1, electricity
resistance, torment resistance 1, petrification resistance
a: no special abilities


You were on level 5 of the Dungeon.
You visited 1 branch of the dungeon, and saw 5 of its levels.

You collected 270 gold pieces.

Inventory:

Hand Weapons
 a - a +0 flail (weapon)
Armour
 b - a +0 scale mail (worn)
 c - a +0 buckler (worn)
Jewellery
 f - a ring of see invisible (left hand)
 r - a +6 ring of intelligence (right hand)
Wands
 k - a wand of flame (6)
Scrolls
 e - 2 scrolls of noise
 h - 3 scrolls of magic mapping
 j - a scroll of fear
 l - 4 scrolls of enchant armour
 n - a scroll of silence {unknown}
 q - a scroll of holy word {unknown}
 s - 2 scrolls of teleportation {unknown}
 t - a scroll of torment {unknown}
 u - 2 scrolls of blinking {unknown}
 v - a scroll of vulnerability {unknown}
 w - 2 scrolls of identify
 y - a scroll of fog {unknown}
Potions
 d - a potion of might
 i - a potion of heal wounds
 m - 3 potions of curing
 o - a potion of lignification {unknown}
 p - a potion of brilliance {unknown}
 x - a potion of flight {unknown}
 z - 3 potions of haste {unknown}


   Skills:
 * Level 4.1 Fighting
 * Level 4.1 Maces & Flails
 * Level 4.6 Armour
 * Level 1.2 Dodging
 * Level 4.1 Shields
 * Level 2.0 Invocations


You had 5 spell levels left.
You didn't know any spells.
Your spell library contained the following spells:

 Spells                   Type           Power      Damage    Failure   Level
 Magic Dart               Conj           0%         1d3       67%         1
 Sandblast                Erth           0%         2d4       67%         1
 Summon Small Mammal      Summ           0%         N/A       67%         1
 Call Imp                 Summ           0%         N/A       82%         2
 Corpse Rot               Necr/Air       0%         N/A       82%         2
 Passwall                 Tmut/Erth      0%         N/A       82%         2
 Poisonous Vapours        Pois/Air       0%         N/A       82%         2
 Call Canine Familiar     Summ           0%         N/A       96%         3
 Mephitic Cloud           Conj/Pois/Air  0%         N/A       96%         3
 Stone Arrow              Conj/Erth      0%         3d7       96%         3
 Summon Guardian Golem    Hex/Summ       0%         N/A       96%         3


Dungeon Overview and Level Annotations

Branches:
Dungeon (5/15)
 Temple: D:4-7

Altars:

Shops:
D:4 *

Annotations:
D:2 1 runed translucent door, Crazy Yiuf


Innate Abilities, Weirdness & Mutations

You are immune to sickness and miasma.
Your stone body is resilient. (AC +4)
You are immune to poison.
You resist negative energy. (rN+)
You are resistant to electric shocks. (rElec)
You are resistant to unholy torment.
You are immune to petrification.


Message History

Beogh smites you!
You barely miss the orc priest.
You hear the slow rusting of a drain very nearby.
The orc hits you with a +0 falchion. You block the orc priest's attack.
You block the ogre's attack.
You are too injured to fight recklessly!
Unknown command.
You are too injured to fight recklessly!
Unknown command.
You are too injured to fight recklessly!
Unknown command.
You sock the ogre!
The ogre is heavily wounded.
The orc hits you but does no damage.
You are too injured to fight recklessly!
Unknown command.
You are too injured to fight recklessly!
Unknown command.
You are too injured to fight recklessly!
You thump the orc priest!
The orc priest is heavily wounded.
The orc priest hits you but does no damage.
The ogre hits you with a +0 giant club!
* * * LOW HITPOINT WARNING * * *
Unknown command.
You are too injured to fight recklessly!
Unknown command.
You are too injured to fight recklessly!
Unknown command.
You sock the orc priest!
The orc priest is almost dead.
You block the orc's attack.
The orc priest hits you with a +1 hand axe of freezing.
* * * LOW HITPOINT WARNING * * *
The orc priest freezes you.
* * * LOW HITPOINT WARNING * * *
You barely miss the orc priest.
The orc priest is almost dead.
The ogre hits you with a +0 giant club!
You die...

##.............#
.....(........## ...
#####.........###+###...
#.............#........♣
#.###.........#........♣
........................
#.###.........#.........
#............O......
#...........@o......
######.......o......
#######........
≈........ #........
......... .........
......... .......


You could see an ogre, an orc priest and an orc.

Vanquished Creatures
  A black bear (D:5)
  A scorpion (D:4)
  Jessica (D:2)
  An iguana (D:4)
  6 adders
  2 worms
  4 orcs
  6 bats
  13 endoplasms
  5 giant cockroaches
  8 goblins
  7 hobgoblins
  4 quokkas
  7 ball pythons
  2 frilled lizards
  2 kobolds
  7 rats
77 creatures vanquished.

Notes
Turn   | Place    | Note
-------+----------+-------------------------------------------
     0 | D:1      | HotDog the Gargoyle Fighter began the quest for the Orb.
     0 | D:1      | Reached XP level 1. HP: 14/14 MP: 1/1
    90 | D:1      | Reached XP level 2. HP: 19/19 MP: 2/2
   208 | D:1      | You fall into a shaft and drop 1 floor!
   488 | D:2      | Reached XP level 3. HP: 23/23 MP: 3/3
  1073 | D:2      | Found a faded altar of an unknown god.
  1339 | D:2      | Noticed Jessica
  1346 | D:2      | Killed Jessica
  1347 | D:2      | Reached skill level 1 in Invocations
  1347 | D:2      | Reached XP level 4. HP: 18/29 MP: 4/4
  1785 | D:2      | Found a runed translucent door.
  1786 | D:2      | Noticed Crazy Yiuf
  2852 | D:4      | Found Osufre's Assorted Antiques.
  2863 | D:4      | Reached XP level 5. HP: 28/33 MP: 4/6
  3015 | D:4      | HP: 1/33 [hobgoblin/puff of flame (7)]
  3474 | D:4      | Reached XP level 6. HP: 25/38 MP: 7/7
  3597 | D:4      | Reached skill level 1 in Dodging
  4344 | D:5      | Entered Level 5 of the Dungeon
  4344 | D:5      | Noticed a black bear
  4349 | D:5      | Killed a black bear
  4394 | D:5      | Slain by an ogre

Illustrated notes

Levels and vault maps discovered:
D:1:      co_arrival_random_square_maze, layout_rooms, due_unseen_surprise
D:2:      layout_basic, dilly_ecumenical_altar_fadedgnrine, minmay_circle_x,
          uniq_crazy_yiuf_cottage, uniq_jessica
D:3:      layout_loops_cross, minivault_24
D:4:      layout_layer_cave, serial_shops, nicolae_shop_waterfront,
          dk_noncrumbling_2, minmay_fractal_squares_5
D:5:      lemuel_castle_with_subvaults [lemuel_castle_interior_carwin_2],
          layout_basic, minmay_temple_entry_proselytizer, portal_sewer_entry_d,
          chequers_mini_garden

Skill      XL: |  1  2  3  4  5  6 |
---------------+-------------------+-----
Invocations    | 1 2 |  2.0
Armour         | 4 |  4.6
Maces & Flails | 3 4 |  4.1
Fighting       | 4 |  4.1
Shields        | 4 |  4.1
Dodging        | 1 |  1.2

Action                   |  1- 3 |  4- 6 || total
-------------------------+-------+-------++-------
Melee: Flail             |    89 |   181 ||   270
  Use: Scroll            |     4 |     3 ||     7
       Potion            |       |     4 ||     4
Armor: Scale mail        |    46 |   128 ||   174
Dodge: Dodged            |    40 |   114 ||   154
Block: Buckler           |    17 |    60 ||    77

Table legend: (Time is in decaauts)
 A = Elapsed time spent in this place.
 B = Non-inter-level travel time spent in this place.
 C = Inter-level travel time spent in this place.
 D = Time resting spent in this place.
 E = Time spent auto-exploring this place.
 F = Levels seen in this place.
 G = Mean time per level.
                   A        B        C        D        E       F      G
               +--------+--------+--------+--------+--------+-----+--------+
         Total |   4472 |   4241 |    231 |      0 |   3612 |   5 |  894.4 |
       Dungeon |   4472 |   4241 |    231 |      0 |   3612 |   5 |  894.4 |
               +--------+--------+--------+--------+--------+-----+--------+

Top non-repeatable levels by time:
     D:4: 1611 daAuts
     D:2: 1420 daAuts
     D:3: 774 daAuts
     D:1: 612 daAuts
     D:5: 52 daAuts
